 Dungeon Crawl Stone Soup version 0.29.1-15-g9cfb28693d (webtiles) character file.

Game seed: 14026116354596981703

84 FaviusArthum the Conjurer (level 4, -7/30 HPs)
             Began as a Human Conjurer on Dec 7, 2023.
             Mangled by a gnoll
             ... wielding a +0 spear
              (9 damage)
             ... on level 2 of the Dungeon.
             The game lasted 00:07:15 (2265 turns).

FaviusArthum the Conjurer (Human Conjurer)          Turns: 2265, Time: 00:07:16

Health: -7/30      AC:  2    Str:  7    XL:     4   Next: 74%
Magic:  0/7        EV: 12    Int: 20    God:
Gold:   97         SH:  0    Dex: 12    Spells: 1/8 levels left

rFire   . . .      SeeInvis .   f - +0 spear
rCold   . . .      Faith    .   (no shield)
rNeg    . . .      Spirit   .   a - +0 robe
rPois   +          Reflect  .   (no helmet)
rElec   .          Harm     .   (no cloak)
rCorr   .          Rampage  .   (no gloves)
Will    .....                   (no boots)
Stlth   ++........              (no amulet)
HPRegen 0.10/turn               g - ring of poison resistance
MPRegen 0.10/turn               (no ring)

@: mighty
A: no striking features
a: no special abilities


You were on level 2 of the Dungeon.
You visited 1 branch of the dungeon, and saw 2 of its levels.

You collected 97 gold pieces.

Inventory:

Hand Weapons
 d - a +0 club
 e - a +0 dagger
 f - a +0 spear (weapon)
Armour
 a - a +0 robe (worn)
 m - a +0 leather armour
 o - a +1 pair of gloves of dexterity
Jewellery
 g - a ring of poison resistance (left hand)
 j - an amulet of faith
 p - a +6 ring of dexterity
Scrolls
 k - 3 scrolls of identify
 n - a scroll of enchant weapon {unknown}
Potions
 b - a potion of magic
 c - a potion of cancellation
 i - a potion of flight {unknown}
 l - a potion of heal wounds {unknown}


   Skills:
 + Level 0.2 Maces & Flails
 * Level 0.8 Armour
 + Level 2.1 Dodging
 + Level 2.0 Stealth
 * Level 2.5 Spellcasting
 * Level 4.9 Conjurations
 * Level 1.2 Hexes


You had one spell level left.
You knew the following spells:

 Your Spells              Type           Power      Damage    Failure   Level
a - Magic Dart            Conj           88%        1d7       1%          1
b - Searing Ray           Conj           44%        2d6       3%          2
c - Fulminant Prism       Conj/Hex       7%         3d7       38%         4

Your spell library contained the following spells:

 Spells                   Type           Power      Damage    Failure   Level
 Dazzling Flash           Conj/Hex       28%        N/A       13%         3
 Iskenderun's Mystic Bla  Conj/Tloc      12%        2d5       47%         4


Dungeon Overview and Level Annotations

Branches:
Dungeon (2/15)

Altars:


Message History

Confirm with . or Enter, or press ? or * to list all spells.
Aiming: Searing Ray (safe; 3% risk of failure)
Press: ? - help, Shift-Dir - straight line, f - gnoll
Aim: a gnoll, wielding a +0 whip (81% to hit)
The searing ray hits the gnoll.
The gnoll is heavily wounded. (Press . to maintain the ray.)
A ball python comes into view.
You closely miss the gnoll.
The gnoll is heavily wounded.
You hit the gnoll but do no damage.
The gnoll is heavily wounded.
The gnoll drinks a potion.
The gnoll flickers and vanishes!
Deactivating autopickup; reactivate with Ctrl-A.
The gnoll hits you with a +0 whip!
Casting: Searing Ray (safe; 3% risk of failure)
Confirm with . or Enter, or press ? or * to list all spells.
Aiming: Searing Ray (safe; 3% risk of failure)
Press: ? - help, Shift-Dir - straight line, f/p - gnoll
Aim: a gnoll, wielding a +0 whip (moderately wounded, 81% to hit)
The searing ray hits the gnoll.
The gnoll is severely wounded. (Press . to maintain the ray.)
The gnoll hits you with a +0 whip.
You barely miss the gnoll. You punch the gnoll.
The gnoll is almost dead.
Something hits you. The gnoll hits you with a +0 whip.
You hit the gnoll.
You kill the gnoll!
Something hits you.
* * * LOW HITPOINT WARNING * * *
Your Hexes skill increases to level 1!
Something hits you.
* * * LOW HITPOINT WARNING * * *
Things that are here:
a +0 whip; a scroll labelled XUMNIUT ZIK It was a potion of might.
You feel very mighty all of a sudden. Something hits you!
You die...

#####....#<..#######...
##.......#######...
#####.........#...
###.#####.####
#........###
#######......#.##.
#................. ###
#.#######......... #.###@#
#.#...#.## #.g...#
#.........
#.###############..... #.#
#.........#..... ..#
#.........#..._# g..#
##.........#....# ....#
#..........#....# .....#
#..........#....#
....S.####..........#....#


You could see a gnoll.

Vanquished Creatures
  A gnoll (D:2)
  4 adders (D:2)
  2 dart slugs (D:1)
  6 endoplasms
  3 giant cockroaches
  3 hobgoblins (D:2)
  A kobold (D:1)
  A quokka (D:1)
  A ball python (D:1)
  4 bats (D:1)
  A frilled lizard (D:1)
  6 goblins (D:2)
  A rat (D:1)
34 creatures vanquished.

Notes
Turn   | Place    | Note
-------+----------+-------------------------------------------
     0 | D:1      | FaviusArthum the Human Conjurer began the quest for the
                  | Orb.
     0 | D:1      | Reached XP level 1. HP: 13/13 MP: 3/3
   266 | D:1      | Reached XP level 2. HP: 19/19 MP: 3/5
   269 | D:1      | Learned a level 2 spell: Searing Ray
   875 | D:1      | Reached XP level 3. HP: 13/24 MP: 1/6
  1810 | D:2      | Found a faded altar of an unknown god.
  1856 | D:2      | Reached XP level 4. HP: 25/30 MP: 2/7
  1939 | D:2      | Learned a level 4 spell: Fulminant Prism
  2264 | D:2      | Reached skill level 1 in Hexes
  2265 | D:2      | Mangled by a gnoll

Illustrated notes

Levels and vault maps discovered:
D:1:      dpeg_arrival_pits, layout_basic
D:2:      layout_basic, basic_ecumenical_altar, minmay_goblin_outpost

Skill      XL: |  1  2  3  4 |
---------------+-------------+-----
Hexes          | 1 |  1.2
Maces & Flails | |  0.2
Armour         | |  0.8
Dodging        | |  2.1
Stealth        | |  2.0
Spellcasting   | |  2.5
Conjurations   | |  4.9

Action                   |  1- 3 |  4- 6 || total
-------------------------+-------+-------++-------
Melee: Club              |     5 |       ||     5
       Spear             |    13 |     4 ||    17
       Punch             |       |     1 ||     1
 Cast: Magic Dart        |    40 |    11 ||    51
       Searing Ray       |     6 |     4 ||    10
  Use: Scroll            |     4 |       ||     4
       Potion            |       |     1 ||     1
Armor: Robe              |     5 |       ||     5
Dodge: Dodged            |    14 |     1 ||    15
